[Event "Deloitte NK 2021"]
[Site "Hoogeveen, Netherlands"]
[Date "2021.10.19"]
[Round "5.1"]
[White "Janssen, Ruud"]
[Black "Lai, Hing Ting"]
[Result "1-0"]
[TimeControl "90min/40moves + 30min + 30sec/move"]
[WhiteElo "2534"]
[BlackElo "2439"]

1. c4 Nf6 2. Nc3 e6 3. e4 d5 4. e5 d4 5. exf6 dxc3 6. bxc3 Qxf6 7. Nf3 Nc6 8. Bd3 Ne5 9. Be4 Nxf3+ 10. Bxf3 e5 11. O-O Be7 12. Rb1 c6 13. Re1 O-O 14. Qe2 Bd6 15. d4 exd4 16. cxd4 Qxd4 17. Rb3 Be6 18. Rd3 Bxh2+ 19. Kxh2 Qh4+ 20. Kg1 Bxc4 21. g3 Bxd3 22. Qxd3 Qf6 23. Kg2 Rfe8 24. Rh1 h6 25. Qb3 Re7 26. Bb2 Qe6 27. Qc3 f6 28.
Rh4 Qf7 29. a4 Rd8 30. a5 a6 31. Rg4 Kh8 32. Rf4 Re6 33. Qc2 Red6 34. Qf5 Qd7 35. Qh5 Qe8 36. Qh4 Qf7 37. Be4 Re6 38.
Qg4 Qg8 39. Qg6 Rxe4 40. Rxe4 Qd5 41. Bxf6 1-0

[Event "Deloitte NK 2021"]
[Site "Hoogeveen, Netherlands"]
[Date "2021.10.19"]
[Round "5.2"]
[White "Zwirs, Nico"]
[Black "Ernst, Sipke"]
[Result "1/2-1/2"]
[TimeControl "90min/40moves + 30min + 30sec/move"]
[WhiteElo "2439"]
[BlackElo "2534"]

1. e4 e6 2. d4 d5 3. Nc3 Bb4 4. e5 c5 5. a3 Ba5 6. b4 cxd4 7. Nb5 Bc7 8. f4 Bd7 9. Nxd4 Nc6 10.
Ngf3 Nxd4 11. Nxd4 Ne7 12. Be3 Bb6 13. Bd3 Nf5 14. Nxf5 exf5 15. Qf3 O-O 16. O-O Rc8 17. a4 Be6 18.
Bxb6 Qxb6+ 19. Qf2 d4 20. Rfb1 g6 21. a5 Qd8 22. b5 Bc4 23. Rb4 Qd5 24. Rd1 Bxd3 25. Rxd3 Qa2 26. Rbxd4 Rxc2 27.
Rd2 Rxd2 28. Qxd2 Qb1+ 29. Kf2 Qxb5 30.
Rd8 Qc5+ 31. Kg3 Qa3+ 32. Rd3 Qc5 33. Rd5 Qa3+ 34. Rd3 Rd8 35. Rxa3 Rxd2 36. Rc3 Rd7 37. Rc8+ Kg7 38. Rb8 a6 39. h4 Re7 40. Kf3 f6 41. e6 Kh6 42. Kg3 Rxe6 43.
Rxb7 Re3+ 44. Kh2 Ra3 45. Rf7 Rxa5 46. Rxf6 Ra4 47. Kh3 a5 48. Ra6 Ra1 49. Ra7 a4 50. Kg3 Ra2 51. Kh3 Ra3+ 52.
Kh2 Ra1 53. Kg3 a3 54. Kh3 Rh1+ 55. Kg3 Ra1 56. Kh3 Ra2 57. Kg3 Ra1 1/2-1/2

[Event "Deloitte NK 2021"]
[Site "Hoogeveen, Netherlands"]
[Date "2021.10.19"]
[Round "5.3"]
[White "Van den Doel, Erik"]
[Black "Ten Hertog, Hugo"]
[Result "1/2-1/2"]
[TimeControl "90min/40moves + 30min + 30sec/move"]
[WhiteElo "2601"]
[BlackElo "2519"]

1. e4 c6 2. d4 d5 3. exd5 cxd5 4. Bd3 Nf6 5. h3 g6 6. Nf3 Bf5 7. Be2 Nc6 8. c3 e6 9. Bf4 Nh5 10.
Be5 f6 11. Bh2 Bd6 12. O-O Bxh2+ 13. Nxh2 Nf4 14. Re1 Qd6 15. Bf1 h5 16. Na3 O-O-O 17. Rc1 Kb8 18. Nc2 e5 19. Ne3 Bc8 20.
dxe5 fxe5 21. c4 d4 22. c5 Qf6 23. Nc4 g5 24. b4 Nxb4 25. Nxe5 d3 26. c6 Rh7 27. Qd2 Nxc6 28. Nxc6+ bxc6 29.
Nf3 Nxh3+ 30. gxh3 Qxf3 31. Bg2 Qf4 32. Qa5 Rc7 33. Bxc6 Bb7 34. Rb1 Qd6 35. Bg2 d2 36. Red1 Kc8 37.
Qxg5 Bxg2 38. Kxg2 Qd5+ 39. Qxd5 Rxd5 40. Rb2 Rcd7 41. Kf1 Kc7 42. Ke2 Re7+ 43. Kf1 Red7 1/2-1/2

[Event "Deloitte NK 2021"]
[Site "Hoogeveen, Netherlands"]
[Date "2021.10.19"]
[Round "5.4"]
[White "Van der Lende, Ilias"]
[Black "Reinderman, Dimitri"]
[Result "1/2-1/2"]
[TimeControl "90min/40moves + 30min + 30sec/move"]
[WhiteElo "2388"]
[BlackElo "2596"]

1. e4 c6 2. c4 d5 3. exd5 cxd5 4. cxd5 Nf6 5. Nc3 Nxd5 6. Qb3 Nb6 7. Bb5+ Bd7 8. a4 a5 9. Nf3 e6 10.
Ne5 Nc6 11. Nxd7 Nxd7 12. O-O Bb4 13. Qd1 O-O 14. d4 Nf6 15. Be3 Qd6 16. Bd3 Rfd8 17. Nb5 Qd7 18. Qf3 Be7 19. Rad1 Nb4 20.
Bb1 Qd5 21. Qxd5 Nfxd5 22. Rc1 Rac8 23. Rxc8 Rxc8 24. Rc1 Rd8 25. Be4 f5 26. Bxd5 Nxd5 27. Bd2 Kf7 28. b3 Bb4 29. Bxb4 axb4 30.
Rc4 Ke7 31. Nc7 Nc3 32. Kf1 e5 33. d5 Rc8 34. d6+ Kxd6 35. Nb5+ Kd7 36. Rxc8 Kxc8 37. Nxc3 bxc3 38. Ke2 e4 39.
Kd1 Kc7 40. Kc2 Kc6 41. Kxc3 Kd5 42. g3 g5 43. b4 f4 44. gxf4 gxf4 45. a5 f3 46. Kd2 Kc4 47. Ke3 Kxb4 48.
Kxe4 Kxa5 49. Kxf3 Kb6 50. Ke4 Kc6 51. Ke5 Kd7 52. Kd5 h5 53. Kc5 Ke6 54. Kb6 Kf5 55. Kxb7 Kg4 56. Kc6 Kf3 57.
h4 Kxf2 58. Kd5 Kg3 59. Ke4 Kxh4 60. Kf3 Kh3 61. Kf2 h4 62. Kg1 Kg3 63. Kh1 h3 64. Kg1 h2+ 65. Kh1 Kh3 1/2-1/2

[Event "Deloitte NK 2021"]
[Site "Hoogeveen, Netherlands"]
[Date "2021.10.19"]
[Round "5.5"]
[White "Sokolov, Ivan"]
[Black "Swinkels, Robin"]
[Result "0-1"]
[TimeControl "90min/40moves + 30min + 30sec/move"]
[WhiteElo "2595"]
[BlackElo "2509"]

1. d4 Nf6 2. c4 e6 3. Nc3 d5 4. cxd5 exd5 5. Bg5 c6 6. e3 h6 7. Bh4 Be7 8. Bd3 Nbd7 9. Nge2 Nh5 10.
Bxe7 Qxe7 11. Qc2 Nb6 12. O-O O-O 13. Rae1 Be6 14. Nc1 Rad8 15. Nb3 Rfe8 16. Nc5 Bc8 17. b4 Nc4 18. Qe2 Qg5 19.
Bxc4 dxc4 20. N5e4 Qg6 21. f3 f5 22. Nc5 Nf4 23. Qd2 Nd5 24. Nxd5 cxd5 25. Na4 Qd6 26. b5 Bd7 27. Nc3 a6 28.
a4 axb5 29. axb5 Ra8 30. Ra1 Be6 31. h3 Bf7 32. Rfe1 Qe7 33. Rac1 Qh4 34. Qf2 Qg5 35. Kh2 Ra3 36. Qg3 Qxg3+ 37. Kxg3 g5 38. Kf2 Kg7 39. g4 fxg4 40. hxg4 Rd8 41. Red1 Bg6 42. e4 dxe4 43. fxe4 Rf8+ 44. Ke3 Rf4 45.
e5 Rxg4 46. d5 Re4+ 47. Kf2 Rxe5 48. Rd4 Bd3 49. d6 Ra8 50. Nd5 Rd8 51. Nc7 Rd7 52. Ra1 Bg6 53. Ra7 c3 54. Rxb7 c2 55.
Rc4 Rf7+ 56. Kg3 Re3+ 57. Kh2 Re2+ 58. Kg3 Re3+ 59. Kh2 Re2+ 60. Kg3 h5 61. d7 h4+ 62. Kg4 Rg2+ 63. Kh3 Rg3+ 64.
Kh2 Rf2+ 65. Kh1 c1=Q+ 66. Rxc1 Be4# 0-1

[Event "Deloitte NK 2021"]
[Site "Hoogeveen, Netherlands"]
[Date "2021.10.19"]
[Round "5.6"]
[White "Beerdsen, Thomas"]
[Black "Warmerdam, Max"]
[Result "0-1"]
[TimeControl "90min/40moves + 30min + 30sec/move"]
[WhiteElo "2454"]
[BlackElo "2562"]

1. e4 e5 2. d4 exd4 3. Qxd4 Nc6 4. Qc4 Nf6 5. Nc3 Bb4 6. Bd2 O-O 7. O-O-O d6 8. f3 Re8 9. g4 Nd7 10.
Qe2 Nb6 11. Qf2 Be6 12. Kb1 Qe7 13. Nge2 Rad8 14. Nf4 Bxc3 15. Bxc3 Na4 16. Bxg7 Kxg7 17. Bb5 Nb6 18. Bxc6 bxc6 19.
Qd4+ f6 20. g5 Nd7 21. Rhg1 Kh8 22. Rg3 c5 23. Qc3 Bf7 24. g6 hxg6 25. Rdg1 Rg8 26. Qd2 g5 27. Ne2 Rg6 28. h4 Rdg8 29.
hxg5 fxg5 30. f4 Nf6 31. Nc3 gxf4 32. Rh1+ Nh7 33. Qh2 Bxa2+ 0-1

[Event "Deloitte NK 2021"]
[Site "Hoogeveen, Netherlands"]
[Date "2021.10.19"]
[Round "5.7"]
[White "Pruijssers, Roeland"]
[Black "Vrolijk, Liam"]
[Result "1-0"]
[TimeControl "90min/40moves + 30min + 30sec/move"]
[WhiteElo "2561"]
[BlackElo "2480"]

1. c4 e5 2. g3 c6 3. Nf3 e4 4. Nd4 d5 5. cxd5 Qxd5 6. Nb3 Nf6 7. Nc3 Qe5 8. d4 exd3 9. Bf4 Qh5 10.
Qxd3 Be7 11. e4 Na6 12. Be2 Nb4 13. Qd1 Bg4 14. Bxg4 Qxg4 15. Qxg4 Nxg4 16. Rd1 g5 17. Bc1 Rd8 18.
Rxd8+ Kxd8 19. Ke2 Kc8 20. h3 Ne5 21. Nd4 Bf6 22. f4 gxf4 23. gxf4 Ng6 24. e5 Be7 25. Nf5 Rd8 26. Ne4 Nd5 27.
Kf3 Kd7 28. h4 h5 29. Ng5 f6 30. e6+ Kc7 31. Nf7 Rg8 32. N5h6 Rg7 33. Nf5 Rg8 34. N7h6 Re8 35. Rg1 Nf8 36.
Ng7 Rc8 37. f5 c5 38. Nxh5 1-0

[Event "Deloitte NK 2021"]
[Site "Hoogeveen, Netherlands"]
[Date "2021.10.19"]
[Round "5.8"]
[White "Pijpers, Arthur"]
[Black "Schoppen, Casper"]
[Result "0-1"]
[TimeControl "90min/40moves + 30min + 30sec/move"]
[WhiteElo "2474"]
[BlackElo "2496"]

1. e4 c5 2. Nf3 d6 3. d4 cxd4 4. Nxd4 Nf6 5. Nc3 a6 6. Bg5 Nbd7 7. Bc4 Qb6 8. Bb3 e6 9. Bxf6 Nxf6 10.
Qd2 Nd7 11. O-O-O Nc5 12. f4 Bd7 13. Kb1 O-O-O 14. f5 g6 15. Qg5 Bg7 16. f6 Bf8 17. g4 h6 18. Qe3 g5 19. Nde2 Bc6 20.
Ng3 Nd7 21. Qf3 Ne5 22. Qe2 Qc5 23. a3 Rg8 24. Rhf1 Rg6 25. h3 Kb8 26. Nh5 Rc8 27. Qd2 Nd7 28. Qd4 Qe5 29. Ka2 Nc5 30.
Rfe1 Nd7 31. Rf1 Nc5 32. Rfe1 Qxd4 33. Rxd4 Nd7 34. Rf1 b5 35. Nd1 Nc5 36. Ng3 Nd7 37. Nh5 Nc5 38. Ng3 a5 39.
c3 Nxb3 40. Kxb3 d5 41. e5 Bc5 42. Ne2 Bxd4 43. Nxd4 Bd7 44. Nf2 Rc4 45. Nd3 h5 46. Rg1 hxg4 47. Rxg4 Rh6 48. Rg3 Rc8 49.
Nf3 Rh5 50. Nf2 b4 51. axb4 axb4 52. Rg4 bxc3 53. bxc3 Rc4 54. Nd4 Ba4+ 55. Kb2 Ka7 56. Rg3 Rh8 57. Kc1 Rb8 58. Ng4 Be8 59.
Kc2 Ba4+ 60. Kd3 Rb1 61. Ne3 Rc7 62. Rxg5 Rc1 63. Ne2 Bb5+ 64. Kd2 Ra1 65. Nd4 Ra2+ 66. Nec2 Ba4 67. Kd3 Bxc2+ 68. Nxc2 Kb6 69. h4 Ra4 70.
Rg1 Rxh4 71. Rb1+ Kc6 72. Rb8 Rh3+ 73. Ne3 Kc5 74. Kd2 Rh4 75. Nc2 Rh2+ 76. Kd3 Rh3+ 77. Kd2 Ra7 78. Rc8+ Kb6 79. Rb8+ Rb7 80. Rc8 Rc7 81.
Rb8+ Ka7 82. Rb3 Rb7 83. Nb4 Rb6 84. Ra3+ Kb7 85. Nd3 Rb1 86. Ra4 Rg1 87. Nf2 Rg2 88. Rf4 Rh5 89. Kd3 Rxe5 90.
Kd4 Re1 91. Kc5 Kc7 92. Nd3 Re4 93. Rf1 Rc2 94. Kb5 Rxc3 95. Nc5 Rxc5+ 96. Kxc5 Rc4+ 97. Kb5 Kd6 0-1